Map: Tryton ER

Players

kers - Winner!

  • Race: Protoss Protoss
  • League: Platinum
  • Spawn Location: 11:00

dajpanspokoj

  • Race: Terran Terran
  • Spawn Location: 5:00

VOD

Have the link to the VOD?

Description

Time

  • Played on: March 5, 2020, 12:39 p.m.
  • Length: 11:53
Show
View Real Time Build Order
Export as new Build Order

kers Protoss - Winner!

Build Orders: 1 Gate Expand 

Get SALT Encoding   

  12  0:01  Probe  
  13  0:13  Probe  
  14  0:17  Pylon  
  14  0:25  Probe  
  15  0:37  Probe (Chrono Boost)  
  15  0:38  Gateway  
  16  0:47  Assimilator  
  16  0:49  Probe (Chrono Boost)  
  17  0:55  Probe (Chrono Boost)  
  18  1:03  Probe  
  19  1:15  Probe  
  20  1:28  Nexus  
  20  1:40  Cybernetics Core  
  20  1:48  Pylon  
  20  1:50  Probe  
  21  1:58  Assimilator  
  21  2:02  Probe  
  22  2:10  Warp Gate (Chrono Boost)  
  22  2:14  Probe  
  23  2:17  Adept  
  25  2:26  Probe  
  26  2:39  Probe  
  26  2:40  Robotics Facility  
  27  2:48  Probe  
  27  2:51  Probe, Stalker  
  31  3:00  Probe  
  31  3:03  Probe  
  34  3:12  Probe  
  34  3:15  Probe  
  35  3:23  Pylon  
  35  3:24  Probe  
  36  3:27  Probe  
  36  3:32  Gateway  
  38  3:34  Observer  
  38  3:36  Gateway  
  38  3:37  Probe  
  38  3:39  Probe  
  40  3:44  Pylon  
  40  3:47  Assimilator  
  40  3:49  Probe, Assimilator  
  40  3:51  Probe  
  40  3:55  Sentry  
  44  4:01  Probe  
  45  4:03  Probe  
  46  4:13  Probe  
  46  4:15  Probe  
  48  4:19  Observer  
  49  4:24  Stalker  
  49  4:25  Probe  
  49  4:27  Probe  
  49  4:28  Stalker  
  55  4:31  Sentry  
  55  4:37  Probe, Twilight Council  
  58  4:40  Probe  
  59  4:49  Probe  
  59  4:50  Pylon x2  
  60  4:53  Probe  
  60  4:59  Pylon  
  61  5:01  Probe  
  61  5:05  Pylon  
  62  5:07  Immortal (Chrono Boost), Forge  
  62  5:08  Probe  
  62  5:11  Stalker  
  62  5:13  Probe, Stalker x2  
  74  5:20  Probe  
  75  5:25  Probe  
  75  5:26  Charge (Chrono Boost)  
  76  5:38  Probe x2, Immortal (Chrono Boost)  
  76  5:42  Photon Cannon  
  82  5:48  Photon Cannon  
  82  5:50  Probe x2, Protoss Ground Weapons Level 1 (Chrono Boost)  
  82  5:51  Templar Archives  
  84  6:02  Probe x2  
  86  6:09  Zealot x3  
  92  6:14  Probe x2  
  71  6:39  Probe x2  
  72  6:49  Sentry x3  
  72  6:51  Probe x2, Gateway x2  
  72  6:54  Observer  
  81  6:55  Gateway  
  81  6:57  Gateway  
  81  7:00  Gateway  
  81  7:03  Probe  
  81  7:04  Probe  
  83  7:15  Probe  
  83  7:16  Probe  
  83  7:20  Pylon  
  83  7:21  Stalker x2  
  89  7:23  Stalker  
  89  7:24  Pylon  
  89  7:26  Pylon  
  89  7:28  Pylon  
  91  7:30  Probe x2  
  93  7:37  Warp Prism  
  93  7:42  Probe  
  93  7:43  Probe  
  97  7:45  Pylon x2  
  97  7:55  Probe x2  
  97  7:57  Photon Cannon  
  99  7:58  Shield Battery  
  99  8:00  Shield Battery  
  99  8:05  High Templar x3  
  105  8:06  High Templar  
  105  8:07  Probe x2  
  105  8:09  Archon  
  105  8:10  Archon  
  109  8:19  Probe x2  
  111  8:22  High Templar  
  111  8:23  High Templar  
  111  8:24  High Templar x2  
  111  8:27  Archon  
  119  8:28  Archon  
  119  8:31  Probe x2  
  121  8:42  Nexus  
  121  8:43  Probe x2  
  121  8:44  Zealot x3  
  127  9:04  Zealot  
  127  9:05  Zealot x5  
  139  9:11  Probe x2  
  139  9:16  Pylon  
  141  9:17  Protoss Shields Level 1 (Chrono Boost)  
  141  9:20  High Templar  
  141  9:21  High Templar  
  141  9:23  Probe x2  
  135  9:35  Probe x2  
  135  9:36  Assimilator  
  137  9:38  Assimilator  
  137  9:45  Photon Cannon  
  137  9:47  Probe  
  137  9:51  Photon Cannon  
  138  10:05  High Templar x5  
  148  10:10  Zealot x3  
  148  10:11  Archon x2  
  148  10:12  Archon  
  154  10:25  Observer  
  155  10:37  Gateway  
  155  10:38  Gateway  
  155  10:40  Gateway  
  155  10:45  Zealot  
  155  10:46  Zealot x4  
  165  10:57  Pylon  
  165  10:59  Pylon  
  165  11:02  Pylon  
  165  11:07  Immortal, Pylon  
  151  11:17  High Templar  
  151  11:18  High Templar x3  
  155  11:21  High Templar  
  155  11:24  Archon x2  
  155  11:25  Archon, Zealot  
  157  11:26  Zealot x2  
  163  11:47  Zealot x6  
Show
View Real Time Build Order
Export as new Build Order

dajpanspokoj Terran 

Build Orders: Reaper Expand 

Get SALT Encoding   

  12  0:01  SCV  
  13  0:13  SCV  
  14  0:18  Supply Depot  
  14  0:27  SCV  
  15  0:39  SCV  
  15  0:42  Barracks  
  16  0:46  Refinery  
  16  0:52  SCV  
  17  1:04  SCV  
  18  1:16  SCV  
  19  1:32  Orbital Command  
  19  1:34  Reaper  
  20  1:41  Command Center  
  20  1:59  SCV  
  21  2:05  Supply Depot  
  21  2:09  Factory  
  21  2:16  Marine  
  21  2:18  SCV  
  21  2:22  Refinery  
  23  2:34  Barracks Reactor  
  23  2:35  SCV  
  24  2:47  SCV  
  25  2:56  Engineering Bay  
  25  2:58  Starport  
  25  2:59  Orbital Command  
  25  3:16  SCV  
  25  3:18  Barracks Reactor  
  26  3:23  Hellion x2  
  30  3:30  SCV, Supply Depot  
  31  3:37  SCV  
  32  3:42  SCV  
  32  3:43  Viking  
  32  3:47  Hellion  
  37  3:50  Missile Turret  
  37  3:55  Missile Turret  
  37  3:59  SCV  
  38  4:09  SCV  
  39  4:11  SCV  
  39  4:12  Missile Turret  
  39  4:13  Barracks Tech Lab  
  40  4:18  Hellion x2  
  40  4:23  SCV  
  45  4:25  Medivac x2  
  49  4:35  SCV  
  50  4:40  Hellion x2  
  50  4:44  Supply Depot x2  
  54  4:50  Marauder  
  56  4:55  Liberator  
  59  5:05  Hellion  
  61  5:12  Armory  
  61  5:15  Marauder  
  63  5:22  Hellion  
  63  5:26  Hellion  
  63  5:28  Liberator  
  70  5:37  Marauder  
  72  5:43  Supply Depot  
  72  5:58  Marauder  
  72  6:02  Factory  
  60  6:30  Marauder  
  59  6:35  Barracks  
  59  6:37  Refinery  
  59  6:39  Refinery, Barracks  
  57  6:51  Supply Depot, Marauder  
  57  6:52  Factory Tech Lab  
  59  7:03  Medivac  
  59  7:04  Medivac  
  59  7:06  Hellbat x2  
  59  7:08  SCV  
  68  7:12  SCV  
  68  7:13  Marauder  
  71  7:19  Siege Tank  
  74  7:24  SCV  
  74  7:28  Barracks Reactor  
  74  7:29  Barracks Reactor  
  75  7:34  Marauder  
  75  7:35  Stimpack  
  75  7:36  SCV  
  78  7:49  SCV, Barracks  
  79  7:55  Siege Tank  
  79  7:56  Supply Depot, Marauder  
  84  8:00  Supply Depot  
  84  8:01  SCV  
  85  8:07  Marine  
  85  8:08  Marine x3  
  93  8:12  Hellbat  
  93  8:13  Hellbat  
  93  8:16  Marine  
  93  8:17  Liberator x2  
  93  8:18  SCV  
  101  8:25  Marine x2  
  101  8:26  Marine x2  
  105  8:30  SCV  
  106  8:34  Marine  
  107  8:41  Siege Tank  
  110  8:54  Marine x2  
  109  9:27  Marine  
  110  9:37  Marine x4, Siege Tank  
  117  9:41  Supply Depot x3  
  117  9:44  Marine  
  118  9:54  Marine x4  
  118  9:56  Liberator  
  125  10:02  Marine, Liberator  
  129  10:09  Siege Tank  
  129  10:12  Marine x4  
  129  10:13  Combat Shield  
  136  10:20  Marine  
  137  10:30  Marine x4  
  141  10:38  Marine  
  141  10:41  Siege Tank  
  145  10:48  Marine x2  
  145  10:49  Liberator  
  150  10:53  Marine  
  150  10:54  Marine  
  150  10:56  Marine  
  142  11:06  Marine x2  
  117  11:11  Marine  
  117  11:12  Marine  
  117  11:13  Marine, Siege Tank  
  117  11:18  Widow Mine x2  
  125  11:23  Marine x2  
  127  11:29  Marine x2  
  127  11:31  Marine  
Tags
 
Add a new tag
Caveats
  • Supply blocks, unpowered buildings, or Contaminate may cause inaccurate times.
  • Supply counts are checked every 10 seconds.